 Dungeon Crawl Stone Soup version 0.31-a0-1540-g5a0b83f448 (webtiles) character file.

Game seed: 2063098019866358490

608 Lobster4 the Changeling (level 7, 0/75 HPs)
             Began as a Merfolk Shapeshifter on Jan 1, 2024.
             Was a Priest of Uskayaw.
             Slain by Blork the orc
             ... wielding a +0 hand axe
              (1 damage)
             ... on level 5 of the Dungeon.
             The game lasted 00:14:10 (3856 turns).

Lobster4 the Changeling (Merfolk Shapeshifter)      Turns: 3856, Time: 00:14:11

Health: 0/75       AC: 15    Str: 16    XL:     7   Next: 43%
Magic:  8/8        EV:  2    Int:  9    God:    Uskayaw [***...]
Gold:   256        SH:  0    Dex: 14    Spells: 4/6 levels left

rFire   . .          .
                       - Unarmed
rCold   . . .        (no shield)
rNeg    . . .        F - melded +0 leather armour {rC+}
rPois   +            (helmet currently unavailable)
rElec   .            (cloak currently unavailable)
rCorr   .            v - melded +0 pair of gloves
SInv    .            (boots currently unavailable)
Will    .....        r - amulet of magic regeneration
Stlth   ++           k - +5 ring of evasion
HPRegen 0.32/turn    (no ring)
MPRegen 0.51/turn

%: no passive effects
@: tree-form, corroded
A: stationary, stasis, torment immunity, boosted hp, (nimble swimmer 2),
(mertail)
a: Renounce Religion, Stomp, Line Pass


You were on level 5 of the Dungeon.
You worshipped Uskayaw.
Uskayaw was noncommittal.
You were a tree.
You visited 1 branch of the dungeon, and saw 5 of its levels.

You collected 256 gold pieces.

Inventory:

Hand Weapons
 n - a +0 sling
 B - a +3 short sword
Missiles
 e - 7 boomerangs (quivered)
 g - 5 atropa-tipped darts
 y - 9 poisoned darts
Armour
 v - a +0 pair of gloves (melded)
 D - a +0 kite shield
 F - a +0 leather armour of cold resistance (melded)
Magical Staves
 x - a staff of conjuration
Jewellery
 k - a +5 ring of evasion (left branch)
 r - an amulet of magic regeneration (around neck)
Talismans
 c - a beast talisman
 d - a flux talisman
Wands
 C - a wand of paralysis (7)
Scrolls
 f - a scroll of teleportation
 j - a scroll of enchant weapon {unknown}
 m - 2 scrolls of fear {unknown}
 o - a scroll of revelation {unknown}
 p - a scroll of identify {unknown}
 q - a scroll of fog {unknown}
 u - 3 scrolls of poison {unknown}
 w - 2 scrolls of silence {unknown}
 E - a scroll of amnesia {unknown}
Potions
 b - 2 potions of lignification
 h - a potion of curing {unknown}
 i - a potion of brilliance {unknown}
 l - a potion of enlightenment {unknown}
 s - a potion of magic {unknown}
 z - 2 potions of degeneration {unknown}
 A - 2 potions of might {unknown}


   Skills:
 - Level 2.0 Fighting
 - Level 1.0 Throwing
 + Level 1.0 Armour
 + Level 4.7 Dodging
 + Level 3.2 Stealth
 + Level 4.5 Unarmed Combat
 + Level 0.2 Spellcasting
 + Level 0.3 Hexes
 + Level 1.5 Invocations
 + Level 1.3 Evocations
 * Level 6.6 Shapeshifting


You had 4 spell levels left.
You knew the following spells:

 Your Spells              Type           Power      Damage    Failure   Level
a - Jinxbite              Hex            0%         N/A       45%         2

Your spell library contained the following spells:

 Spells                   Type           Power      Damage    Failure   Level
 Apportation              Tloc           0%         N/A       38%         1
 Alistair's Intoxication  Alch           0%         N/A       100%        5


Dungeon Overview and Level Annotations

Branches:
Dungeon (5/15)
 Temple: D:4-7

Altars:
Uskayaw

Annotations:
D:5 Blork the orc


Innate Abilities, Weirdness & Mutations

You are a tree.
Your roots penetrate the ground, keeping you stationary.
You cannot be teleported.
You are immune to unholy pain and torment.
Your maximum health is greatly increased.
Your equipment is partially melded.
((You are very nimble when in or above water. (Stealth+, EV+, Speed+++)))
((Your lower body shifts to a powerful aquatic tail in water.))


Message History

Uskayaw prepares the audience for your solo!
The helpless Blork the orc fails to defend himself.
You smack Blork the orc!
Blork the orc is heavily wounded.
The helpless Blork the orc fails to defend himself.
You smack Blork the orc!
Blork the orc is almost dead.
Blork the orc is no longer paralysed.
Blork the orc gestures at you while chanting.
The puff of flame hits you but does no damage.
Blork the orc hits you but does no damage.
You hit Blork the orc but do no damage.
Blork the orc is almost dead.
Blork the orc hits you with a +0 hand axe.
* * * LOW HITPOINT WARNING * * *
Uskayaw prepares the audience for your solo!
The helpless Blork the orc fails to defend himself.
You hit Blork the orc but do no damage.
Blork the orc is almost dead.
Blork the orc is no longer paralysed.
Blork the orc hits you with a +0 hand axe.
* * * LOW HITPOINT WARNING * * *
You barely miss Blork the orc.
Blork the orc is almost dead.
Blork the orc looks satisfied for a moment.
Blork the orc hits you with a +0 hand axe.
* * * LOW HITPOINT WARNING * * *
You closely miss Blork the orc.
Blork the orc is almost dead.
Blork the orc grins evilly.
Blork the orc hits you but does no damage.
You hit Blork the orc but do no damage.
Blork the orc is almost dead.
Blork the orc hits you but does no damage.
You completely miss Blork the orc.
Blork the orc is almost dead.
Blork the orc hits you with a +0 hand axe.
* * * LOW HITPOINT WARNING * * *
Blork the orc hits you with a +0 hand axe.
You die...

..# .# #....... #.#####.### #.#
.....#. #.......... ... ......
#<......... #.#### #.#.#.
........#.#. #.##.. ##.#...
........#.#.. #.##.# #.....#
........#.....##.##.# #####......
........# #.....o##.###...<......
........# #.####♣?...##.######...
........# #.#....[#..##.# #.#.
........# #.#.....'.....# #.#.
........###.#..[..##.)..######+##
###...............##.....#......#
#..........#...###.....'......#
#..........###.#########......#
#..........# #.........'.......
#..........# ##########......#


You could see Blork the orc (fast).

Vanquished Creatures
  A phantom (D:4)
  A scorpion (D:5)
  A bombardier beetle (D:5)
  3 hounds
  2 jellies (D:5)
  An iguana (D:4)
  2 orc wizards
  8 adders
  4 gnolls (D:4)
  3 dart slugs
  2 ribbon worms
  9 orcs
  5 bats
  2 endoplasms
  8 giant cockroaches
  6 goblins
  5 hobgoblins
  5 jackals (D:2)
  4 quokkas
  7 ball pythons
  9 frilled lizards
  8 kobolds
  3 rats
99 creatures vanquished.

Notes
Turn   | Place    | Note
-------+----------+-------------------------------------------
     0 | D:1      | Lobster4 the Merfolk Shapeshifter began the quest for the
                  | Orb.
     0 | D:1      | Reached XP level 1. HP: 15/15 MP: 1/1
   190 | D:1      | Reached XP level 2. HP: 17/21 MP: 2/2
   955 | D:2      | Reached XP level 3. HP: 22/26 MP: 3/3
   964 | D:2      | Reached skill level 1 in Stealth
  1226 | D:2      | Found a faded altar of an unknown god.
  1476 | D:2      | Reached XP level 4. HP: 33/33 MP: 4/4
  1497 | D:2      | Reached skill level 1 in Throwing
  1899 | D:3      | Reached skill level 5 in Shapeshifting
  1930 | D:3      | Reached XP level 5. HP: 38/38 MP: 5/5
  2148 | D:3      | Reached skill level 1 in Armour
  2444 | D:4      | Noticed a phantom
  2467 | D:4      | Killed a phantom
  2517 | D:4      | Reached XP level 6. HP: 44/44 MP: 6/6
  2676 | D:4      | Found a hide-covered altar of Uskayaw.
  2685 | D:4      | Became a worshipper of Uskayaw the Reveller
  2744 | D:4      | Reached * piety under Uskayaw
  3001 | D:4      | Reached ** piety under Uskayaw
  3130 | D:4      | Reached skill level 6 in Shapeshifting
  3130 | D:4      | Reached *** piety under Uskayaw
  3282 | D:5      | Entered Level 5 of the Dungeon
  3337 | D:5      | Reached skill level 1 in Invocations
  3424 | D:5      | Reached XP level 7. HP: 32/50 MP: 7/7
  3495 | D:5      | Noticed Blork the orc
  3497 | D:5      | Reached skill level 1 in Evocations
  3723 | D:3      | Learned a level 2 spell: Jinxbite
  3842 | D:5      | HP: 2/50 [acid (10)]
  3853 | D:5      | HP: 1/75 [Blork the orc/+0 hand axe (5)]
  3856 | D:5      | Slain by Blork the orc

Illustrated notes

Levels and vault maps discovered:
D:1:      dpeg_arrival_round_a, layout_basic
D:2:      layout_loops_cross, chequers_ecumenical_altar_simple,
          columned_hall_lemuel, grunt_decor_arrowhead,
          minmay_misc_feat_diagonals, hangedman_decor_clover_reticule
D:3:      layout_loops_cross
D:4:      layout_cave_pools, eat_drink_and_be_merry_uskayaw, corexii_checkpoint
D:5:      layout_basic, amcnicky_altar_gilded, fedhas_altar_decomposition,
          dk_vineyard_3, uniq_eustachio, uniq_blork_the_orc

Skill      XL: |  1  2  3  4  5  6  7 |
---------------+----------------------+-----
Dodging        | 3 4 |  4.7
Stealth        | 1 2 3 |  3.2
Throwing       | 1 |  1.0
Fighting       | 2 |  2.0
Shapeshifting  | 5 6 |  6.6
Armour         | 1 |  1.0
Unarmed Combat | 4 |  4.5
Invocations    | 1 |  1.5
Evocations     | 1 |  1.3
Spellcasting   | |  0.2
Hexes          | |  0.3

Action                     |  1- 3 |  4- 6 |  7- 9 || total
---------------------------+-------+-------+-------++-------
  Melee: Unarmed           |    93 |   139 |    72 ||   304
         Punch             |     1 |     4 |     2 ||     7
  Throw: Boomerang         |       |    11 |     1 ||    12
         Dart              |       |       |     1 ||     1
    Use: Scroll            |       |     1 |       ||     1
         Potion            |       |       |     3 ||     3
   Stab: Sleeping          |     2 |    10 |     2 ||    14
         Distracted        |       |     1 |       ||     1
         Paralysed         |       |     1 |     3 ||     4
 Armour: Animal skin       |    37 |    53 |    14 ||   104
         Skin              |       |       |    16 ||    16
         Leather armour    |       |       |     8 ||     8
  Dodge: Dodged            |    65 |   102 |    49 ||   216
   Form: Beast             |       |     2 |       ||     2
                           |       |     1 |     1 ||     2

Table legend: (Time is in decaauts)
 A = Elapsed time spent in this place.
 B = Non-inter-level travel time spent in this place.
 C = Inter-level travel time spent in this place.
 D = Time resting spent in this place.
 E = Time spent auto-exploring this place.
 F = Levels seen in this place.
 G = Mean time per level.
                   A        B        C        D        E       F      G
               +--------+--------+--------+--------+--------+-----+--------+
         Total |   3840 |   3634 |    206 |    307 |   2359 |   5 |  768.0 |
       Dungeon |   3840 |   3634 |    206 |    307 |   2359 |   5 |  768.0 |
               +--------+--------+--------+--------+--------+-----+--------+

Top non-repeatable levels by time:
     D:3: 952 daAuts
     D:4: 881 daAuts
     D:2: 863 daAuts
     D:1: 815 daAuts
     D:5: 327 daAuts
